AoeStats
← JoseRegens

QS Arena

503129488Analyzed
1v1 RM · 2mo ago on Aug 30, 2026· 40m 42s· 2 players
Game mode
Random Map
Map size
Tiny (2 player)
Population
200
Speed
Normal
Resources
Standard
Victory
Conquest
Starting age
Dark Age
Ending age
Imperial Age
RankedLock teamsTeams togetherTeam positionsShared explorationLock speedFull tech treeHidden civsTurbo modeCheats
Victory
Defeat
🇺🇸 Italians · United States
482
+18
vs
🇨🇳 Wei · China
526
-18
JoseRegens
1:16 Loom
9:12 Feudal Age
10:53 Double-Bit Axe
17:39 Castle Age
15:38 Horse Collar
16:46 Stone Mining
17:21 Gold Mining
17:42 Fletching
19:48 Wheelbarrow
20:43 Bow Saw
21:11 Town Watch
21:38 Heavy Plow
25:24 Ballistics
25:31 Ballistics
27:11 Thumb Ring
29:38 Hand Cart
29:29 Elite Skirmisher
30:52 Padded Archer Armor
30:47 Bodkin Arrow
34:58 Imperial Age
33:30 Leather Archer Armor
37:30 Ring Archer Armor
37:01 Bracer
38:05 Chemistry
38:08 Crop Rotation
38:43 Two-Man Saw
等风起时
0:30 Loom
8:04 Feudal Age
19:19 Castle Age
17:31 Double-Bit Axe
18:01 Horse Collar
19:09 Gold Mining
19:12 Stone Mining
22:50 Pikeman
27:38 Gold Shaft Mining
27:39 Stone Shaft Mining
27:25 Squires
27:10 Arson
28:22 Elite Skirmisher
29:43 Bow Saw
29:35 Heavy Plow
35:30 Imperial Age
37:11 Crop Rotation
37:21 Wheelbarrow
36:32 Town Watch
39:07 Forging
38:57 Scale Mail Armor
39:03 Scale Barding Armor
38:58 Padded Archer Armor
38:48 Fletching
39:16 Light Cavalry
39:56 Husbandry
40:07 Bloodlines
40:35 Parthian Tactics
Connection lost

Rejoining the realm…

Still unreachable

The connection could not be restored.

Session expired

The server has moved on; the page needs a fresh start.